 Dungeon Crawl Stone Soup version 0.22.0-38-g04b72b8 (webtiles) character file.

8566 Lew the Cleaver (level 11, -12/95 HPs)
             Began as a Hill Orc Fighter on Aug 28, 2018.
             Was an Elder of Beogh.
             Killed from afar by an ice dragon (55 damage)
             ... with a blast of cold
             ... on level 10 of the Dungeon on Aug 29, 2018.
             The game lasted 00:30:59 (9788 turns).

Lew the Cleaver (Hill Orc Fighter)                  Turns: 9788, Time: 00:31:03

Health: -12/95     AC: 10    Str: 20    XL:     11   Next: 32%
Magic:  12/12      EV:  9    Int:  8    God:    Beogh [****..]
Gold:   185        SH: 16    Dex: 18    Spells: 10/10 levels left

rFire    . . .     SeeInvis .   h - +5 broad axe (flame)
rCold    . . .     Gourm    .   c - +4 shield
rNeg     . . .     Faith    .   b - +0 scale mail
rPois    +         Spirit   .   (helmet restricted)
rElec    .         Reflect  .   (no cloak)
rCorr    .         Harm     .   (no gloves)
MR       .....                  (no boots)
Stlth    ..........             u - amulet of regeneration
HPRegen  0.65/turn              j - +3 ring of dexterity
MPRegen  0.13/turn              J - ring of poison resistance

@: no status effects
A: antennae 1, thin metallic scales 1, agile 1, high mp 1
a: Smiting, Recall Orcish Followers, Renounce Religion


You were on level 10 of the Dungeon.
You worshipped Beogh.
Beogh was greatly pleased with you.
You were not hungry.

You visited 2 branches of the dungeon, and saw 11 of its levels.
You also visited: Sewer and Ossuary.

You collected 589 gold pieces.
You spent 404 gold pieces at shops.

Inventory:

Hand Weapons
 a - a +2 war axe
 h - a +5 broad axe of flaming (weapon)
 s - a +4 dagger of chaos
 w - the +7 longbow "Piercer" {penet, EV-2}
   (You found it on level 6 of the Dungeon)

   Ammo fired by it will pass through the targets it hits, potentially hitting
   all targets in its path until it reaches maximum range.
   It affects your evasion (-2).
Armour
 b - a +0 scale mail (worn)
 c - a +4 shield (worn)
 m - a +2 helmet
 C - a +2 robe of resistance
Jewellery
 j - a +3 ring of dexterity (left hand)
 u - an amulet of regeneration (around neck)
 v - an uncursed ring of protection from fire
 A - an uncursed ring of flight
 J - a ring of poison resistance (right hand)
Wands
 x - a wand of digging (11)
 I - a wand of clouds (1)
Scrolls
 e - 4 scrolls of remove curse
 g - 7 scrolls of magic mapping
 l - 5 scrolls of fear
 p - 6 scrolls of teleportation
 q - 5 scrolls of blinking
 r - 3 scrolls of amnesia
 y - a scroll of acquirement {unknown}
 D - 5 scrolls of identify
Potions
 d - 2 potions of might
 i - a potion of cancellation
 k - 5 potions of curing
 n - a potion of agility
 o - 3 potions of brilliance
 t - a potion of heal wounds
 G - a potion of magic
 H - 3 potions of haste
Comestibles
 f - 13 rations


   Skills:
 + Level 8.7 Fighting
 * Level 12.1 Axes
 * Level 10.6 Armour
 * Level 10.6 Shields


You had 10 spell levels left.
You didn't know any spells.
Your spell library contained the following spells:

 Spells                   Type           Power        Failure   Level  Hunger
 Beastly Appendage        Tmut           #.....       87%         1    ##.....
 Confusing Touch          Hex            #.....       87%         1    ##.....
 Magic Dart               Conj           #...         87%         1    ##.....
 Blink                    Tloc           N/A          95%         2    ###....
 Call Imp                 Summ           #.......     95%         2    ###....
 Slow                     Hex            #.......     95%         2    ###....
 Sticks to Snakes         Tmut           #.......     95%         2    ###....
 Confuse                  Hex            #.......     99%         3    ####...
 Conjure Flame            Conj/Fire      #.......     99%         3    ####...
 Gell's Gravitas          Tloc           #.........   99%         3    ####...
 Mephitic Cloud           Conj/Pois/Air  #.......     99%         3    ####...
 Spider Form              Tmut/Pois      #.........   99%         3    ####...
 Ice Form                 Ice/Tmut       #.......     100%        4    #####..
 Petrify                  Tmut/Erth      #.......     100%        4    #####..
 Blade Hands              Tmut           #.........   100%        5    ######.
 Metabolic Englaciation   Hex/Ice        #.........   100%        5    ######.
 Yara's Violent Unravell  Hex/Tmut       #.........   100%        5    ######.


Dungeon Overview and Level Annotations

Branches:
Dungeon (10/15)            Temple (1/1) D:6            Lair (0/6) D:8
    Orc: D:9-12

Altars:
Ashenzari
Cheibriados
Dithmenos
Elyvilon
Fedhas
Gozag
Hepliaklqana
Kikubaaqudgha
Makhleb
Nemelex Xobeh
Okawaru
Qazlal
Ru
Sif Muna
Trog
Uskayaw
Vehumet
Wu Jian
Xom
Yredelemnul
Zin
The Shining One

Shops:
D:8 =!

Annotations:
D:6 2 runed doors


Innate Abilities, Weirdness & Mutations

You have a pair of small antennae on your head.
You are partially covered in thin metallic scales. (AC +2)
You are agile. (Dex +2)
You have an increased reservoir of magic. (+10% MP)


Message History

The orc warrior is engulfed in poison gas.
The orc warrior is poisoned.
You block the ice dragon's attack.
The ice dragon claws you but does no damage.
The ice dragon tramples you.
You hold your ground!
Unknown command.
What are your orders? t - Shout!
Orders for allies: a - Attack new target. p - Attack previous target. r - Retreat! s - Stop attacking. g - Guard the area. f - Follow me.
Anything else - Cancel.
Retreat in which direction?
Press: ? - help, Dir - move target cursor, p - ice dragon Fall back!
The orc warrior is engulfed in noxious fumes.
The orc warrior appears confused.
The ice dragon breathes frost at you. The blast of cold hits you!
Ouch! That really hurt!
You die...

####.##[# #....##$+
............. #.8..##?#
....o⌠..... #....##$+
.y....... ####.##[#
...).§. #.##!+ .§o§)
#.##$# §{. #'#######
###D# #
###.#8###8###8#@#8###8#
+.....'........oa......
#####8###8###8###8###8#
### ### ### ##


You could see an ice dragon, an orc warrior (confused), a killer bee (confused),
an orc wizard (confused), a friendly orc knight and a friendly worker ant.

Vanquished Creatures
  An orange crystal statue (D:8)
  An ugly thing (D:10)
  Psyche (D:9)
  The ghost of Lew the Shield-Bearer, a novice GnFi of Gozag (D:3)
  Prince Ribbit (D:5)
  Grinder (D:4)
  A wyvern (D:6)
  10 yaks
  A water moccasin (D:9)
  Duvessa (D:4)
  2 sky beasts
  An ice beast (D:6)
  2 orc warriors
  A phantom (D:4)
  3 centaurs
  6 ogres
  4 bullfrogs
  Dowan (D:4)
  11 scorpions
  A wyvern skeleton (D:6)
  5 killer bees
  6 wights
  3 howler monkeys (D:8)
  4 crimson imps
  4 jellies
  5 centaur zombies (Ossuary)
  2 human zombies (Ossuary)
  6 hounds
  A bullfrog skeleton (D:5)
  A bullfrog zombie (D:6)
  2 orc priests
  10 orc wizards
  A centaur skeleton (D:5)
  Terence (D:3)
  5 iguanas
  7 worker ants
  3 big kobold zombies (Ossuary)
  4 mummies
  A howler monkey zombie (D:6)
  A worker ant zombie (D:6)
  10 adders
  7 gnolls
  2 river rats (Sewer)
  2 scorpion zombies (Ossuary)
  6 oozes
  2 adder zombies
  3 worms
  3 dart slugs
  7 leopard geckos
  17 orcs
  4 ball pythons
  7 bats
  8 giant cockroaches
  A gnoll zombie (Ossuary)
  6 hobgoblins
  5 jackals
  2 kobolds
  3 quokkas
  7 frilled lizards
  6 goblins
  3 goblin zombies (Ossuary)
  2 hobgoblin zombies (Ossuary)
  A leopard gecko skeleton (D:6)
  An orc zombie (Ossuary)
  8 rats
246 creatures vanquished.

Vanquished Creatures (collateral kills)
  A troll (D:9)
  A yak (D:10)
  A scorpion (D:9)
  A killer bee (D:9)
  A wight (D:8)
  2 orc wizards (D:8)
  A worker ant (D:8)
  An adder zombie (D:9)
  An orc (D:8)
10 creatures vanquished.

Vanquished Creatures (others)
  An orc warrior (D:8)
  2 orcs
3 creatures vanquished.

Grand Total: 259 creatures vanquished

Notes
Turn   | Place    | Note
-------+----------+-------------------------------------------
     0 | D:1      | Lew the Hill Orc Fighter began the quest for the Orb.
     0 | D:1      | Reached XP level 1. HP: 19/19 MP: 1/1
   164 | D:1      | Reached XP level 2. HP: 19/27 MP: 2/2
   543 | D:1      | Reached skill level 3 in Axes
   944 | D:2      | Reached XP level 3. HP: 25/33 MP: 3/3
  1464 | D:3      | Found a runed gate.
  1464 | D:3      | Found a runed gate.
  1465 | D:3      | Found a runed gate.
  1467 | D:3      | Noticed Lew's ghost (novice GnFi)
  1468 | D:3      | Noticed a scorpion
  1491 | D:3      | Noticed Terence
  1511 | D:3      | Killed Terence
  1511 | D:3      | Reached skill level 4 in Axes
  1511 | D:3      | Reached XP level 4. HP: 14/40 MP: 4/4
  2620 | D:3      | Gained mutation: You have an increased reservoir of magic. (+10% MP) [potion of mutation]
  2620 | D:3      | Gained mutation: You have a considerably increased reservoir of magic. (+20% MP) [potion of mutation]
  2626 | D:3      | Reached XP level 5. HP: 47/47 MP: 6/6
  2641 | D:3      | Killed Lew's ghost
  2641 | D:3      | Reached skill level 5 in Axes
  2641 | D:3      | Reached skill level 5 in Armour
  2641 | D:3      | Reached skill level 5 in Shields
  2641 | D:3      | Reached XP level 6. HP: 12/55 MP: 7/7
  2641 | D:3      | Reached XP level 7. HP: 13/60 MP: 8/8
  2918 | D:4      | Noticed Duvessa
  2929 | D:4      | Killed Duvessa
  2929 | D:4      | Reached skill level 5 in Fighting
  2929 | D:4      | Reached skill level 6 in Axes
  2933 | D:4      | Noticed Dowan
  2945 | D:4      | Killed Dowan
  3191 | D:4      | Noticed Grinder
  3199 | D:4      | Paralysed by Grinder for 4 turns
  3203 | D:4      | Killed Grinder
  3203 | D:4      | Reached skill level 7 in Axes
  3203 | D:4      | Reached XP level 8. HP: 44/69 MP: 9/9
  3375 | D:4      | Found a snail-covered altar of Cheibriados.
  3410 | D:4      | Became a worshipper of Beogh the Brigand
  3847 | D:5      | Entered Level 5 of the Dungeon
  4111 | D:5      | Found a glowing drain.
  4138 | Sewer    | Entered a sewer
  4309 | Sewer    | Reached * piety under Beogh
  4536 | D:5      | Noticed Prince Ribbit
  4548 | D:5      | Reached skill level 8 in Axes
  4562 | D:5      | Killed Prince Ribbit
  4562 | D:5      | Reached XP level 9. HP: 31/75 MP: 10/10
  5640 | D:6      | Reached skill level 9 in Axes
  5671 | D:6      | Found a large runed door.
  5671 | D:6      | Found a large runed door.
  6019 | D:6      | Reached ** piety under Beogh
  6068 | D:6      | Found a large runed door.
  6068 | D:6      | Found a large runed door.
  6112 | D:6      | Found the +7 longbow "Piercer" {penet, EV-2}
  6233 | D:6      | Got a faintly glowing pewter ring
  6280 | D:6      | Found a staircase to the Ecumenical Temple.
  6305 | Temple   | Entered the Ecumenical Temple
  6692 | D:6      | Reached XP level 10. HP: 62/86 MP: 12/12
  6694 | D:6      | Reached skill level 10 in Axes
  6760 | D:6      | Identified the ring "Qiydyng" {Int+4 Slay-3 SInv} (You found it on level 6 of the Dungeon)
  6938 | D:7      | Found a sand-covered staircase.
  6947 | Ossuary  | Entered an ossuary
  7248 | Ossuary  | Reached *** piety under Beogh
  7610 | D:7      | Found a stormy altar of Qazlal.
  7611 | D:7      | Found a blossoming altar of Fedhas.
  8066 | D:8      | Found a hide-covered altar of Uskayaw.
  8067 | D:8      | Noticed a hand axe
  8068 | D:8      | Noticed a dagger
  8243 | D:8      | Noticed an orange crystal statue
  8285 | D:8      | Found Desekeoq's Jewellery Boutique.
  8398 | D:8      | Bought an uncursed ring of poison resistance for 300 gold pieces
  8537 | D:8      | Killed an orange crystal statue
  8537 | D:8      | Reached skill level 11 in Axes
  8729 | D:8      | Found Tuniho Imua's Distillery.
  8739 | D:8      | Bought a potion of mutation for 104 gold pieces
  8739 | D:8      | Lost mutation: You have a considerably increased reservoir of magic. (+20% MP) [potion of mutation]
  8739 | D:8      | Gained mutation: You have a pair of small antennae on your head. [potion of mutation]
  8739 | D:8      | Gained mutation: You are agile. (Dex +2) [potion of mutation]
  8739 | D:8      | Gained mutation: You are partially covered in thin metallic scales. (AC +2) [potion of mutation]
  8791 | D:8      | Found a staircase to the Lair.
  9041 | D:9      | Noticed Psyche
  9049 | D:9      | Reached skill level 10 in Shields
  9051 | D:9      | Killed Psyche
  9051 | D:9      | Reached skill level 10 in Armour
  9052 | D:9      | Reached XP level 11. HP: 73/95 MP: 12/12
  9055 | D:9      | Reached **** piety under Beogh
  9270 | D:9      | Found a shimmering altar of Xom.
  9462 | D:9      | Found a glowing golden altar of the Shining One.
  9716 | D:10     | Entered Level 10 of the Dungeon
  9727 | D:10     | Reached skill level 12 in Axes
  9772 | D:10     | Noticed a white ugly thing
  9774 | D:10     | Noticed an ice dragon
  9776 | D:10     | Killed a white ugly thing
  9788 | D:10     | Killed from afar by an ice dragon

Skill      XL: |  1  2  3  4  5  6  7  8  9 10 11 |
---------------+----------------------------------+-----
Axes           | 3 4 5 7 8 9 11 12 | 12.1
Fighting       | 4 5 6 7 8 |  8.7
Shields        | 4 5 6 7 8 10 | 10.6
Armour         | 4 5 6 7 8 10 | 10.6

Action                   |  1- 3 |  4- 6 |  7- 9 | 10-12 || total
-------------------------+-------+-------+-------+-------++-------
Melee: War axe           |   103 |    50 |   401 |   214 ||   768
       Broad axe         |       |       |       |    77 ||    77
Invok: Convert to Beogh  |       |       |     1 |       ||     1
       Recall Orcish Fol |       |       |       |     1 ||     1
Evoke: Wand              |       |       |       |     6 ||     6
       Sack of spiders   |       |       |       |     4 ||     4
  Use: Scroll            |    10 |       |     8 |    19 ||    37
       Potion            |     3 |     3 |     1 |     8 ||    15
 Stab: Confused          |       |       |       |     1 ||     1
  Eat: Chunk             |     1 |     2 |     5 |     2 ||    10
       Ration            |       |     1 |     2 |     3 ||     6
Armor: Scale mail        |    43 |    14 |   114 |    75 ||   246
Dodge: Dodged            |    26 |    15 |   111 |    73 ||   225
Block: Shield            |    43 |    21 |   176 |   170 ||   410
